| TOP OF THE 1ST |
|
Brooklyn Cyclones batting - Pitching for Cincinnati (NYP) Reds : LHP Jerry Nero
|
|
Pitching: LHP Jerry Nero
|
|
|
Batting: RHB Tony Oria
|
0-0: Fly out, F4 (Flyball, 34D, EV 87.5 MPH)
|
|
Batting: RHB Edolf Vlemmings
|
0-0: Ball 1-0: Foul Ball, location: 2F 1-1: Fly out, F9 (Flyball, 9LS, EV 88.8 MPH)
|
|
Batting: LHB Victor Ferrermena
|
0-0: Ground out 5-3 (Groundball, 25, EV 88.8 MPH)
|
| Top of the 1st over - 0 runs, 0 hits, 0 errors, 0 left on base; Brooklyn 0 - Cincinnati (NYP) 0 |
| BOTTOM OF THE 1ST |
|
Cincinnati (NYP) Reds batting - Pitching for Brooklyn Cyclones : RHP Tony Ramos
|
|
Pitching: RHP Tony Ramos
|
|
|
Batting: SHB Bryan Johnston
|
0-0: Ball 1-0: Foul Ball, location: 2F 1-1: Ground out U3 (Groundball, 3S, EV 88.8 MPH)
|
|
Batting: RHB Klaas Meij
|
0-0: Hit by Pitch
|
|
Batting: RHB Ricky Carbajal
|
0-0: Fielders Choice at 2nd, 4-6 (Groundball, 34, EV 103.8 MPH)
|
|
Batting: LHB Shigeru Ono
|
0-0: Ball 1-0: Ball 2-0: Ball 3-0: Called Strike 3-1: Foul Ball, location: 2F 3-2: Ground out 5-3 (Groundball, 56, EV 81.9 MPH)
|
| Bottom of the 1st over - 0 runs, 0 hits, 0 errors, 1 left on base; Brooklyn 0 - Cincinnati (NYP) 0 |
| TOP OF THE 2ND |
|
Brooklyn Cyclones batting - Pitching for Cincinnati (NYP) Reds : LHP Jerry Nero
|
|
Batting: RHB Leo Roman
|
0-0: Ball 1-0: Swinging Strike 1-1: Ball 2-1: Foul Ball, location: 2F 2-2: Foul Ball, location: 2F 2-2: Strikes out swinging
|
|
Batting: LHB Adam Barry
|
0-0: Called Strike 0-1: Ball 1-1: Foul Ball, location: 2F 1-2: Ball 2-2: DOUBLE (Groundball, 3L, EV 96.3 MPH)
|
|
Batting: SHB Julio Ramos
|
0-0: Ball 1-0: Foul Ball, location: 2F 1-1: Ball 2-1: Ground out 6-3 (Groundball, 6, EV 105.6 MPH)
|
|
Batting: RHB Hyeok Kim
|
0-0: Ball 1-0: Ball Passed Ball! Adam Barry to third 2-0: SINGLE (Groundball, 56S, EV 76.9 MPH) (infield hit) Adam Barry scores
|
|
Batting: LHB Kodai Furuki
|
0-0: Ball 1-0: Called Strike 1-1: Called Strike 1-2: Hit by Pitch Hyeok Kim to second
|
|
Batting: RHB Tony Infante
|
0-0: Called Strike 0-1: Ball 1-1: Called Strike 1-2: Ball 2-2: Foul Ball, location: 2F 2-2: Strikes out swinging
|
| Top of the 2nd over - 1 run, 2 hits, 0 errors, 2 left on base; Brooklyn 1 - Cincinnati (NYP) 0 |
| BOTTOM OF THE 2ND |
|
Cincinnati (NYP) Reds batting - Pitching for Brooklyn Cyclones : RHP Tony Ramos
|
|
Batting: RHB Jamie Ingram
|
0-0: Called Strike 0-1: Fly out, F9 (Line Drive, 9, EV 93.1 MPH)
|
|
Batting: SHB Jason Kirby
|
0-0: Fly out, F8 (Line Drive, 8LM, EV 93.8 MPH)
|
|
Batting: LHB Fernando Gomez
|
0-0: Ground out U3 (Groundball, 34, EV 103.1 MPH)
|
| Bottom of the 2nd over - 0 runs, 0 hits, 0 errors, 0 left on base; Brooklyn 1 - Cincinnati (NYP) 0 |
| TOP OF THE 3RD |
|
Brooklyn Cyclones batting - Pitching for Cincinnati (NYP) Reds : LHP Jerry Nero
|
|
Batting: RHB Tony Oria
|
0-0: Ball 1-0: Swinging Strike 1-1: Called Strike 1-2: Ball 2-2: Strikes out swinging
|
|
Batting: RHB Edolf Vlemmings
|
0-0: Ball 1-0: Swinging Strike 1-1: Called Strike 1-2: Strikes out swinging
|
|
Batting: LHB Victor Ferrermena
|
0-0: Called Strike 0-1: Ball 1-1: SINGLE (Groundball, 34D, EV 101.9 MPH)
|
|
Batting: RHB Leo Roman
|
0-0: Called Strike 0-1: Ball 1-1: Swinging Strike 1-2: Foul Ball, location: 2F 1-2: Strikes out looking
|
| Top of the 3rd over - 0 runs, 1 hit, 0 errors, 1 left on base; Brooklyn 1 - Cincinnati (NYP) 0 |
| BOTTOM OF THE 3RD |
|
Cincinnati (NYP) Reds batting - Pitching for Brooklyn Cyclones : RHP Tony Ramos
|
|
Batting: RHB Felipe Pineda
|
0-0: Called Strike 0-1: Foul Ball, location: 2F 0-2: Ground out 6-3 (Groundball, 6, EV 86.9 MPH)
|
|
Batting: RHB Kagetoki Kawai
|
0-0: Ball 1-0: Ball 2-0: Foul Ball, location: 2F 2-1: Ball 3-1: Foul Ball, location: 2F 3-2: Fly out, F9 (Flyball, 9, EV 95.6 MPH)
|
|
Batting: SHB Bryan Johnston
|
0-0: Ball 1-0: Foul Ball, location: 2F 1-1: Called Strike 1-2: Ball 2-2: SINGLE (Groundball, 6D, EV 103.1 MPH)
|
|
Batting: RHB Klaas Meij
|
0-0: Called Strike 0-1: Ball 1-1: Ball Bryan Johnston is caught stealing 2nd base 2-4
|
| Bottom of the 3rd over - 0 runs, 1 hit, 0 errors, 0 left on base; Brooklyn 1 - Cincinnati (NYP) 0 |
| TOP OF THE 4TH |
|
Brooklyn Cyclones batting - Pitching for Cincinnati (NYP) Reds : LHP Jerry Nero
|
|
Batting: LHB Adam Barry
|
0-0: Ball 1-0: Ball 2-0: Called Strike 2-1: Called Strike 2-2: Ball 3-2: Foul Ball, location: 2F 3-2: Strikes out swinging
|
|
Batting: SHB Julio Ramos
|
0-0: Foul Ball, location: 2F 0-1: Called Strike 0-2: Ball 1-2: Ball 2-2: Strikes out looking
|
|
Batting: RHB Hyeok Kim
|
0-0: Foul Ball, location: 2F 0-1: Ground out 6-3 (Groundball, 6M, EV 105.6 MPH)
|
| Top of the 4th over - 0 runs, 0 hits, 0 errors, 0 left on base; Brooklyn 1 - Cincinnati (NYP) 0 |
| BOTTOM OF THE 4TH |
|
Cincinnati (NYP) Reds batting - Pitching for Brooklyn Cyclones : RHP Tony Ramos
|
|
Batting: RHB Klaas Meij
|
0-0: Ball 1-0: Ball 2-0: Swinging Strike 2-1: Foul Ball, location: 2F 2-2: Ball 3-2: Ground out 4-3 (Groundball, 4M, EV 88.8 MPH)
|
|
Batting: RHB Ricky Carbajal
|
0-0: Ground out 5-3 (Groundball, 56, EV 101.3 MPH)
|
|
Batting: LHB Shigeru Ono
|
0-0: Called Strike 0-1: Ball 1-1: Called Strike 1-2: Strikes out swinging
|
| Bottom of the 4th over - 0 runs, 0 hits, 0 errors, 0 left on base; Brooklyn 1 - Cincinnati (NYP) 0 |
| TOP OF THE 5TH |
|
Brooklyn Cyclones batting - Pitching for Cincinnati (NYP) Reds : LHP Jerry Nero
|
|
Batting: LHB Kodai Furuki
|
0-0: Called Strike 0-1: Ball 1-1: SOLO HOME RUN (Flyball, 9D, EV 98.8 MPH), Distance : 378 ft
|
|
Batting: RHB Tony Infante
|
0-0: Ball 1-0: Swinging Strike 1-1: Ball 2-1: Ball 3-1: Foul Ball, location: 2F 3-2: Foul Ball, location: 2F 3-2: DOUBLE (Line Drive, 7LM, EV 108.8 MPH)
|
|
Batting: RHB Tony Oria
|
0-0: Swinging Strike 0-1: Ball 1-1: Ball Wild Pitch! Tony Infante to third 2-1: Ball 3-1: Base on Balls
|
|
Batting: RHB Edolf Vlemmings
|
0-0: Ball 1-0: Ball 2-0: Called Strike 2-1: Foul Ball, location: 2F 2-2: Strikes out swinging
|
|
Batting: LHB Victor Ferrermena
|
0-0: Called Strike 0-1: Called Strike 0-2: Ball 1-2: Ball 2-2: Strikes out swinging
|
|
Batting: RHB Leo Roman
|
0-0: Ball 1-0: Ball 2-0: Ball 3-0: Called Strike 3-1: Fly out, F8 (Flyball, 89M, EV 86.3 MPH)
|
| Top of the 5th over - 1 run, 2 hits, 0 errors, 2 left on base; Brooklyn 2 - Cincinnati (NYP) 0 |
| BOTTOM OF THE 5TH |
|
Cincinnati (NYP) Reds batting - Pitching for Brooklyn Cyclones : RHP Tony Ramos
|
|
Batting: RHB Jamie Ingram
|
0-0: Ground out U3 (Groundball, 34S, EV 86.3 MPH)
|
|
Batting: SHB Jason Kirby
|
0-0: Ball 1-0: Called Strike 1-1: Called Strike 1-2: Ground out U3 (Groundball, 34, EV 83.1 MPH)
|
|
Batting: LHB Fernando Gomez
|
0-0: Called Strike 0-1: Ball 1-1: SINGLE (Groundball, 6MS, EV 82.5 MPH) (infield hit)
|
|
Batting: RHB Felipe Pineda
|
0-0: Ball 1-0: Called Strike 1-1: Fielders Choice at 2nd, 5-4 (Groundball, 5, EV 78.8 MPH)
|
| Bottom of the 5th over - 0 runs, 1 hit, 0 errors, 1 left on base; Brooklyn 2 - Cincinnati (NYP) 0 |
| TOP OF THE 6TH |
|
Brooklyn Cyclones batting - Pitching for Cincinnati (NYP) Reds : LHP Jerry Nero
|
|
Batting: LHB Adam Barry
|
0-0: Foul Ball, location: 2F 0-1: Ball 1-1: Foul Ball, location: 2F 1-2: Ball 2-2: Ball 3-2: Base on Balls
|
|
Batting: SHB Julio Ramos
|
0-0: Called Strike 0-1: Ball 1-1: Called Strike 1-2: Strikes out swinging
|
|
Pitching: LHP Bryan Ross
|
|
|
Batting: RHB Hyeok Kim
|
0-0: Foul Ball, location: 2F 0-1: Foul Ball, location: 2F 0-2: Foul Ball, location: 2F 0-2: Ball 1-2: Strikes out swinging
|
|
Batting: LHB Kodai Furuki
|
0-0: Ball 1-0: Ball 2-0: Swinging Strike 2-1: Foul Ball, location: 2F 2-2: Strikes out looking
|
| Top of the 6th over - 0 runs, 0 hits, 0 errors, 1 left on base; Brooklyn 2 - Cincinnati (NYP) 0 |
| BOTTOM OF THE 6TH |
|
Cincinnati (NYP) Reds batting - Pitching for Brooklyn Cyclones : RHP Tony Ramos
|
|
Batting: RHB Kagetoki Kawai
|
0-0: Called Strike 0-1: Fly out, F6 (Line Drive, 6, EV 75.6 MPH)
|
|
Batting: SHB Bryan Johnston
|
0-0: Called Strike 0-1: Ball 1-1: Foul Ball, location: 2F 1-2: Foul Ball, location: 2F 1-2: Ball 2-2: Ground out 6-3 (Groundball, 6M, EV 102.5 MPH)
|
|
Batting: RHB Klaas Meij
|
0-0: Ball 1-0: Ball 2-0: Called Strike 2-1: Ball 3-1: Base on Balls
|
|
Batting: RHB Ricky Carbajal
|
0-0: Ball 1-0: Swinging Strike 1-1: Fly out, F8 (Flyball, 89XD, EV 102.5 MPH)
|
| Bottom of the 6th over - 0 runs, 0 hits, 0 errors, 1 left on base; Brooklyn 2 - Cincinnati (NYP) 0 |
| TOP OF THE 7TH |
|
Brooklyn Cyclones batting - Pitching for Cincinnati (NYP) Reds : LHP Bryan Ross
|
|
Batting: RHB Tony Infante
|
0-0: Swinging Strike 0-1: Foul Ball, location: 2F 0-2: Ball 1-2: Strikes out looking
|
|
Batting: RHB Tony Oria
|
0-0: Ball 1-0: Swinging Strike 1-1: Ground out 4-3 (Groundball, 4M, EV 81.9 MPH)
|
|
Batting: RHB Edolf Vlemmings
|
0-0: Called Strike 0-1: Called Strike 0-2: Strikes out swinging
|
| Top of the 7th over - 0 runs, 0 hits, 0 errors, 0 left on base; Brooklyn 2 - Cincinnati (NYP) 0 |
| BOTTOM OF THE 7TH |
|
Cincinnati (NYP) Reds batting - Pitching for Brooklyn Cyclones : RHP Tony Ramos
|
|
Batting: LHB Shigeru Ono
|
0-0: Ball 1-0: Called Strike 1-1: Ball 2-1: Fly out, F9 (Line Drive, 9, EV 106.3 MPH)
|
|
Batting: RHB Jamie Ingram
|
0-0: Called Strike 0-1: Ball 1-1: Ball 2-1: Fly out, F4 (Line Drive, 4, EV 71.9 MPH)
|
|
Batting: SHB Jason Kirby
|
0-0: Called Strike 0-1: Ball 1-1: Ball 2-1: Swinging Strike 2-2: Fly out, F7 (Flyball, 7LS, EV 96.3 MPH)
|
| Bottom of the 7th over - 0 runs, 0 hits, 0 errors, 0 left on base; Brooklyn 2 - Cincinnati (NYP) 0 |
| TOP OF THE 8TH |
|
Brooklyn Cyclones batting - Pitching for Cincinnati (NYP) Reds : LHP Bryan Ross
|
|
Pitching: RHP Matt Knowles
|
|
|
Batting: LHB Victor Ferrermena
|
0-0: Ball 1-0: Called Strike 1-1: Foul Ball, location: 2F 1-2: Strikes out swinging
|
|
Batting: RHB Leo Roman
|
0-0: Called Strike 0-1: Ball 1-1: Swinging Strike 1-2: Ball 2-2: SINGLE (Groundball, 56D, EV 94.4 MPH)
|
|
Batting: LHB Adam Barry
|
0-0: Ball 1-0: Foul Ball, location: 2F 1-1: Swinging Strike 1-2: Ball 2-2: Ball 3-2: DOUBLE (Line Drive, 7LD, EV 105.6 MPH) Leo Roman to third
|
|
Batting: SHB Julio Ramos
|
0-0: Intentional Walk
|
|
Batting: RHB Hyeok Kim
|
0-0: Ball 1-0: Ball Balk! Leo Roman scores Adam Barry to third Julio Ramos to second 2-0: SINGLE (Line Drive, 7LS, EV 111.3 MPH) Adam Barry scores Julio Ramos to third
|
|
Batting: LHB Kodai Furuki
|
0-0: Ball 1-0: Ground out 4-3 (Groundball, 3D, EV 86.9 MPH) Julio Ramos scores Hyeok Kim to second
|
|
Batting: RHB Tony Infante
|
0-0: Ball 1-0: Ball 2-0: Ball 3-0: Foul Ball, location: 2F 3-1: Called Strike 3-2: Base on Balls
|
|
Batting: RHB Tony Oria
|
0-0: Fielders Choice at 2nd, 5-4 (Groundball, 56, EV 109.4 MPH)
|
| Top of the 8th over - 3 runs, 3 hits, 0 errors, 2 left on base; Brooklyn 5 - Cincinnati (NYP) 0 |
| BOTTOM OF THE 8TH |
|
Cincinnati (NYP) Reds batting - Pitching for Brooklyn Cyclones : RHP Tony Ramos
|
|
Batting: LHB Fernando Gomez
|
0-0: Ball 1-0: Foul Ball, location: 2F 1-1: Called Strike 1-2: Ball 2-2: Ball 3-2: Ground out U3 (Groundball, 34D, EV 100.0 MPH)
|
|
Batting: RHB Felipe Pineda
|
0-0: Foul Ball, location: 2F 0-1: Ball 1-1: TRIPLE (Flyball, 89XD, EV 98.8 MPH)
|
|
Batting: RHB Kagetoki Kawai
|
0-0: Swinging Strike 0-1: Ball 1-1: TRIPLE (Flyball, 9LD, EV 90.6 MPH) Felipe Pineda scores
|
|
Batting: SHB Bryan Johnston
|
0-0: Ball 1-0: Foul Ball, location: 2F 1-1: Ball 2-1: Ball 3-1: Called Strike 3-2: Foul Ball, location: 2F 3-2: SINGLE (Line Drive, 9S, EV 112.5 MPH) Kagetoki Kawai scores
|
|
Pitching: LHP Scott Carr
|
|
|
Batting: RHB Klaas Meij
|
0-0: Ball 1-0: Ball Wild Pitch! Bryan Johnston to second 2-0: Ball 3-0: Called Strike 3-1: Foul Ball, location: 2F 3-2: Ground out 5-3 (Groundball, 56, EV 108.1 MPH)
|
|
Batting: RHB Ricky Carbajal
|
0-0: Called Strike 0-1: Called Strike 0-2: Foul Ball, location: 2F 0-2: Ball 1-2: Fly out, F5 (Popup, 25F, EV 81.9 MPH)
|
| Bottom of the 8th over - 2 runs, 3 hits, 0 errors, 1 left on base; Brooklyn 5 - Cincinnati (NYP) 2 |
| TOP OF THE 9TH |
|
Brooklyn Cyclones batting - Pitching for Cincinnati (NYP) Reds : RHP Matt Knowles
|
|
Pitching: RHP Tim Sanches
|
|
|
Batting: RHB Edolf Vlemmings
|
0-0: Swinging Strike 0-1: Ball 1-1: Ball 2-1: Ball 3-1: Base on Balls
|
|
Batting: LHB Victor Ferrermena
|
0-0: Ball 1-0: Ball Edolf Vlemmings steals 2nd base 2-0: Intentional Walk
|
|
Batting: RHB Leo Roman
|
0-0: Called Strike 0-1: Ball 1-1: Ball 2-1: Foul Ball, location: 2F 2-2: Ball 3-2: Strikes out swinging Edolf Vlemmings steals 3rd base Batter strikes out. Victor Ferrermena to second
|
|
Batting: LHB Adam Barry
|
0-0: Called Strike 0-1: Ball 1-1: Called Strike 1-2: Fly out, F8 (Flyball, 78M, EV 85.6 MPH)
|
|
Batting: SHB Julio Ramos
|
0-0: Ball 1-0: Called Strike 1-1: Foul Ball, location: 2F 1-2: Foul Ball, location: 2F 1-2: Fly out, F6 (Flyball, 6D, EV 74.4 MPH)
|
| Top of the 9th over - 0 runs, 0 hits, 0 errors, 2 left on base; Brooklyn 5 - Cincinnati (NYP) 2 |
| BOTTOM OF THE 9TH |
|
Cincinnati (NYP) Reds batting - Pitching for Brooklyn Cyclones : LHP Scott Carr
|
|
Batting: LHB Shigeru Ono
|
0-0: Called Strike 0-1: Foul Ball, location: 2F 0-2: Strikes out swinging
|
|
Batting: RHB Jamie Ingram
|
0-0: Ground out 6-3 (Groundball, 56, EV 81.3 MPH)
|
|
Batting: SHB Jason Kirby
|
0-0: Ball 1-0: Ball 2-0: Ball 3-0: Base on Balls
|
|
Batting: LHB Fernando Gomez
|
0-0: Ball 1-0: Ball Wild Pitch! Jason Kirby to second 2-0: Foul Ball, location: 2F 2-1: Hit by Pitch
|
|
Batting: RHB Felipe Pineda
|
0-0: Ball 1-0: Fielders Choice at 2nd, 5-4 (Groundball, 56, EV 89.4 MPH)
|
| Bottom of the 9th over - 0 runs, 0 hits, 0 errors, 2 left on base; Brooklyn 5 - Cincinnati (NYP) 2 |
|